cohdb
Replays
Latest Replays
All Replays
Popular Replays
Top Player Replays
Match Explorer
How It Works
Community
CoH3 Stats
Reddit
Sign in to upload your games and track your stats! →
Sign in with Steam
Match 41949186
Unlisted
Match 41949186
Overview
Messages
Build Orders
End
Royal Engineer Section
Construct Section Command Post
Dingo Light Scout Car
Selects Canadian Shock Battlegroup
Infantry Section
Infantry Section
Construct Platoon Command Post
Vickers Machine Gun Team
6-pounder Anti-tank Gun Team
Unlock Bishop Self-propelled Artillery
Selects Attacking Spirit
Selects Canadian Shock Section
Selects Incendiary Munitions
Grenade Package
Bishop Self-propelled Artillery
Canadian Shock Section
Construct Field Infirmary
Selects Pyrotechnics
Canadian Shock Section
Vickers Machine Gun Team
Tango
Turtleboy
GoonLord
fahmibey
YAHADAYCO
francisconemecxx
Sahl
Biver
0
0
Comments
sign in to comment!
No comments posted yet!